 Dungeon Crawl Stone Soup version 0.23-b1-49-g13d5857 (webtiles) character file.

Game seed: 6818936150702701422

113 HEYYEYAAE the Bolt Thrower (level 4, -3/31 HPs)
             Began as an Octopode Hunter on Feb 3, 2019.
             Was an Initiate of Okawaru.
             Splashed by an orc priest's acid (14 damage)
             ... on level 3 of the Dungeon.
             The game lasted 00:01:59 (1837 turns).

HEYYEYAAE the Bolt Thrower (Octopode Hunter)        Turns: 1837, Time: 00:02:00

Health: -3/31      AC: -1    Str: 11    XL:     4   Next: 96%
Magic:  4/4        EV: 13    Int: 13    God:    Okawaru [......]
Gold:   49         SH:  0    Dex: 13    Spells: 3/3 levels left

rFire    . . .     SeeInvis .   e - +1 dagger (drain)
rCold    . . .     Gourm    .   (no shield)
rNeg     . . .     Faith    .   n - +2 hat
rPois    .         Spirit   .   (no amulet)
rElec    .         Reflect  .   (no ring)
rCorr    .         Harm     .   (no ring)
MR       .....                  (no ring)
Stlth    +++.......             (no ring)
HPRegen  0.10/turn              (no ring)
MPRegen  0.09/turn              (no ring)
                                (no ring)
                                (no ring)

@: corroded
A: almost no armour, stealthy swim, amphibious, 8 rings, constrict 8, camouflage
1, gelatinous body 1
a: Renounce Religion


You were on level 3 of the Dungeon.
You worshipped Okawaru.
Okawaru was noncommittal.
You were not hungry.

You visited 1 branch of the dungeon, and saw 3 of its levels.

You collected 49 gold pieces.

Inventory:

Hand Weapons
 a - a +1 hand crossbow
 e - a +1 dagger of draining (weapon)
Missiles
 c - 31 bolts
Armour
 n - a +2 hat (worn)
Scrolls
 f - a scroll of immolation {unknown}
 i - a scroll of enchant armour {unknown}
 j - 2 scrolls of identify {unknown}
 m - a scroll of enchant weapon {unknown}
Potions
 b - a potion of might {unknown}
 g - a potion of heal wounds {unknown}
 h - 4 potions of degeneration {unknown}
 k - a potion of resistance
Comestibles
 d - 2 rations


   Skills:
 + Level 3.2 Fighting
 * Level 5.5 Crossbows
 - Level 2.0 Dodging
 - Level 1.3 Stealth


You had 3 spell levels left.
You didn't know any spells.
Your spell library was empty.

Dungeon Overview and Level Annotations

Branches:
Dungeon (3/15)

Altars:
Okawaru
Sif Muna
Xom
Yredelemnul

Annotations:
D:3 Ijyb


Innate Abilities, Weirdness & Mutations

You cannot wear most types of armour.
You are very stealthy in the water. (Stealth+)
You are amphibious.
You can wear up to eight rings at the same time.
You can use your tentacles to constrict eight enemies at once.
Your skin changes colour to match your surroundings (Stealth+).
Your rubbery body absorbs attacks. (AC +1, EV +1)


Message History

The orc throws a stone.
The stone closely misses you. The orc hits you but does no damage.
The orc priest zaps a wand.
The bolt of acid hits the orc!!
The orc is splashed with acid!
The acid corrodes the orc!
The orc dies!
The bolt of acid misses you.
There is an open door here.
Things that are here:
a +0 war axe of flaming; a +0 ring mail; an orc corpse The orc priest barely misses you.
The orc hits you with a +0 dagger.
Things that are here:
a +0 hand axe; 21 stones; a +0 scale mail You hit the orc priest.
You grab the orc priest.
The orc priest is lightly wounded.
You constrict the orc priest.
The orc priest zaps a wand.
The bolt of acid hits you!
Ouch! That really hurt!
* * * LOW HITPOINT WARNING * * *
The acid corrodes you!
You are splashed with acid!
You die...

#.. #.# #.#
#.# #.# #.##
.######.o###
......o@...#
..###..#)#..#
#.##.## #
...#..(# ..#
##)##
...##.#.).#g#
...#..'...'..#
## ##.#...#.##
####+####


You could see an orc priest and an orc.

Vanquished Creatures
  Jessica (D:3)
  An adder (D:3)
  An ooze (D:1)
  A worm (D:3)
  5 leopard geckos
  5 orcs (D:3)
  2 giant cockroaches
  9 hobgoblins
  7 jackals (D:1)
  A quokka (D:2)
  A ball python (D:1)
  4 bats
  4 frilled lizards
  7 goblins
  2 kobolds (D:2)
  7 rats
58 creatures vanquished.

Vanquished Creatures (others)
  An orc (D:3)
1 creature vanquished.

Grand Total: 59 creatures vanquished

Notes
Turn   | Place    | Note
-------+----------+-------------------------------------------
     0 | D:1      | HEYYEYAAE the Octopode Hunter began the quest for the Orb.
     0 | D:1      | Reached XP level 1. HP: 14/14 MP: 1/1
   139 | D:1      | Reached XP level 2. HP: 19/19 MP: 2/2
   595 | D:1      | Reached XP level 3. HP: 19/25 MP: 3/3
   866 | D:2      | Found an iron altar of Okawaru.
   877 | D:2      | Found a shimmering altar of Xom.
   880 | D:2      | Found a basalt altar of Yredelemnul.
   883 | D:2      | Became a worshipper of Warmaster Okawaru
  1054 | D:2      | Found a deep blue altar of Sif Muna.
  1454 | D:3      | Reached skill level 5 in Crossbows
  1498 | D:3      | Reached XP level 4. HP: 25/30 MP: 4/4
  1503 | D:3      | Noticed Jessica
  1511 | D:3      | Killed Jessica
  1614 | D:3      | Noticed Ijyb
  1837 | D:3      | Splashed by an orc priest's acid

Skill      XL: |  1  2  3  4 |
---------------+-------------+-----
Crossbows      | 5 |  5.5
Fighting       | 3 |  3.2
Dodging        | |  2.0
Stealth        | |  1.3

Action                   |  1- 3 |  4- 6 || total
-------------------------+-------+-------++-------
Melee: Short sword       |    11 |       ||    11
       Dagger            |    43 |    30 ||    73
       Constrict         |    13 |    14 ||    27
       Tentacles         |     7 |     8 ||    15
 Fire: Hand crossbow     |    28 |       ||    28
  Use: Scroll            |     1 |     1 ||     2
       Potion            |     1 |       ||     1
 Stab: Sleeping          |     7 |       ||     7
  Eat: Chunk             |     1 |     2 ||     3
Armor: Skin              |     5 |     2 ||     7
Dodge: Dodged            |    55 |    17 ||    72
